 Dungeon Crawl Stone Soup version 0.13-a0-2884-gbbf8bdf (webtiles) character file.

152 PolkaDot the Vexing (level 4, -2/30 HPs)
             Began as a Vampire Enchanter on Aug 29, 2013.
             Slain by a worm (5 damage)
             ... on Level 2 of the Dungeon.
             The game lasted 00:07:03 (3177 turns).

PolkaDot the Vexing (Vampire Enchanter)             Turns: 3177, Time: 00:07:03

HP  -2/30        AC  5     Str  7      XL: 4   Next: 18%
MP   2/8         EV 13     Int 18      God:
Gold 72          SH  0     Dex 14      Spells:  2 memorised,  1 level left

Res.Fire  : . . .   See Invis. : +   a - +1 dagger {=f}
Res.Cold  : + + .   Warding    : .   b - +1 robe
Life Prot.: + + +   Conserve   : .   (no shield)
Res.Poison: +       Res.Corr.  : .   n - +0 cap
Res.Elec. : .       Clarity    : .   (no cloak)
Sust.Abil.: . .     Spirit.Shd : .   s - +0 pair of gloves
Res.Mut.  : .       Stasis     : .   r - +0 pair of boots
Res.Rott. : +       Flight     : .   (no amulet)
Saprovore : . . .                    (no ring)
                                     (no ring)

@: regenerating slowly, slightly resistant to hostile enchantments, quite
stealthy
A: fangs 3, see invisible, unbreathing
a: Bat Form


You were on level 2 of the Dungeon.
You were near bloodless.

You visited 1 branch of the dungeon, and saw 2 of its levels.

You collected 52 gold pieces.

Inventory:

Hand weapons
 a - a +1,+1 dagger (weapon) {=f}
Missiles
 d - 10 darts (quivered)
Armour
 b - a +1 robe (worn)
 n - a +0 cap (worn)
 r - a +0 pair of boots (worn)
 s - a +0 pair of gloves (worn)
Scrolls
 e - a scroll of remove curse {unknown}
 h - 3 scrolls of identify {unknown}
 k - 2 scrolls of curse jewellery {unknown}
 l - 3 scrolls of fear {unknown}
 p - a scroll of enchant weapon II {unknown}
 t - a scroll of teleportation {unknown}
 u - a scroll of enchant armour {unknown}
Jewellery
 j - a cursed -3 ring of strength {unknown}
 m - an uncursed ring of poison resistance {unknown}
Potions
 f - a potion of slowing {unknown}
 g - 2 potions of curing
 i - a potion of invisibility {unknown}
 o - a potion of brilliance {unknown}
 q - a potion of flight {unknown}
 v - a potion of resistance {unknown}
Books
 c - a book of Maledictions

   Spells                             Type                      Level
   *Corona                            Hexes                        1
   Sure Blade                         Hexes/Charms                 2
   Ensorcelled Hibernation            Hexes/Ice                    2
   *Confuse                           Hexes                        3
   Enslavement                        Hexes                        4
   Invisibility                       Hexes                        6


   Skills:
 - Level 3.0 Short Blades
 - Level 0.7 Throwing
 + Level 2.5 Dodging
 * Level 4.5 Stealth
 - Level 1.0 Spellcasting
 * Level 5.1 Hexes


You had one spell level left.
You knew the following spells:

 Your Spells              Type           Power        Failure   Level  Hunger
a - Corona                Hex            ###....      2%          1    ##.....
c - Confuse               Hex            ###.....     10%         3    ####...


Dungeon Overview and Level Annotations

Branches:
Dungeon (2/27)

Altars:
Trog


Innate Abilities, Weirdness & Mutations

You heal slowly.
You have razor-sharp teeth.*
You have supernaturally acute eyesight.
You can survive without breathing.*


Message History

Casting: Confuse
Confirm with . or Enter, or press ? or * to list all spells.
Aiming: Confuse
Press: ? - help, Shift-Dir - straight line, f/p - worm
Aim: a worm (severely wounded)
The worm appears confused.
You are too injured to fight recklessly!
Drink which item? (? for menu, Esc to quit)
Okay, then.
The worm bites you.
* * * LOW HITPOINT WARNING * * *
You see here a rotting adder corpse.
You hit the worm.
The worm is severely wounded.
You hit the worm.
The worm is severely wounded.
You hit the worm.
The worm is almost dead.
The worm seems less confused.
The worm bites you.
You die...

#........# #(...#
#...w...## #..%.#
####'#.## #....#
#.#.# #.......
###.#.# #.......
#...#.#####.......
#.###.............
#w#........###....
#@#........# #....
#%#........###....
#.#.......%.......
#.'........(....).
###.............#.
#.............#
###'#####.....#
#.# #.....# #.#
#######


You could see a worm.

Vanquished Creatures
  2 adders (D:2)
  A gnoll (D:1)
  A worm (D:2)
  2 oozes (D:2)
  2 orcs (D:2)
  A ball python (D:2)
  4 giant cockroaches
  5 goblins
  7 hobgoblins
  4 kobolds
  7 bats
  3 giant geckos
  2 giant newts
  A quokka (D:2)
  3 rats (D:2)
45 creatures vanquished.

Notes
Turn   | Place    | Note
--------------------------------------------------------------
     0 | D:1      | PolkaDot, the Vampire Enchanter, began the quest for the Orb.
     0 | D:1      | Reached XP level 1. HP: 13/13 MP: 4/4
   684 | D:1      | Reached XP level 2. HP: 19/19 MP: 5/5
  1560 | D:2      | Reached XP level 3. HP: 22/24 MP: 6/6
  1565 | D:2      | Learned a level 3 spell: Confuse
  2864 | D:2      | Reached XP level 4. HP: 28/30 MP: 8/8
  2873 | D:2      | Reached skill level 5 in Hexes
  2897 | D:2      | Found a bloodstained altar of Trog.
  3177 | D:2      | Slain by a worm

Action                   |  1- 3 |  4- 6 || total
-------------------------+-------+-------++-------
Melee: Dagger            |   185 |    48 ||   233
Throw: Dart              |    12 |       ||    12
 Cast: Corona            |    10 |       ||    10
       Confuse           |     2 |     3 ||     5
  Use: Potion            |     1 |       ||     1
 Stab: Sleeping          |     3 |     3 ||     6
       Confused          |     1 |       ||     1
